 Dungeon Crawl Stone Soup version 0.21.1-1-g345015f (webtiles) character file.

175 wojtek the Cudgeler (level 5, -3/32 HPs)
             Began as a Gargoyle Fighter on July 20, 2018.
             Killed from afar by Pikel (12 damage)
             ... with a wand of acid (5)
             ... on level 3 of the Dungeon.
             The game lasted 00:03:14 (2618 turns).

wojtek the Cudgeler (Gargoyle Fighter)              Turns: 2618, Time: 00:03:14

Health: -3/32      AC: 11    Str: 21    XL:     5   Next: 55%
Magic:  5/5        EV:  3    Int:  8    God:
Gold:   168        SH: 11    Dex:  9    Spells: 4/4 levels left

rFire    . . .     SeeInvis .   a - +0 flail
rCold    . . .     Gourm    .   i - +2 shield
rNeg     + . .     Faith    .   n - +0 plate armour
rPois    ∞         Spirit   .   (no helmet)
rElec    +         Reflect  .   (no cloak)
rCorr    .         Harm     .   (no gloves)
MR       .....                  (no boots)
Stlth    ..........             (no amulet)
HPRegen  0.10/turn              g - +5 ring of slaying
MPRegen  0.09/turn              (no ring)

@: corroded
A: negative energy resistance 1, electricity resistance, unbreathing,
petrification resistance, rot immunity, AC +4
a: no special abilities


You were on level 3 of the Dungeon.
You were not hungry.

You visited 1 branch of the dungeon, and saw 4 of its levels.

You collected 168 gold pieces.

Inventory:

Hand Weapons
 a - a +0 flail (weapon)
Armour
 i - a +2 shield (worn)
 n - a +0 plate armour (worn)
Jewellery
 g - a +5 ring of slaying (left hand)
Scrolls
 c - a scroll of magic mapping {unknown}
 e - 3 scrolls of remove curse {unknown}
 h - 3 scrolls of immolation {unknown}
 k - a scroll of amnesia {unknown}
 l - a scroll of noise {unknown}
 m - a scroll of random uselessness {unknown}
 o - a scroll of fog {unknown}
 q - a scroll of identify {unknown}
Potions
 d - a potion of might
 j - a potion of agility {unknown}
 p - a potion of curing {unknown}
Comestibles
 f - 8 rations


   Skills:
 - Level 3.2 Fighting
 + Level 5.6 Maces & Flails
 - Level 3.2 Armour
 - Level 3.2 Shields


You had 4 spell levels left.
You didn't know any spells.

Dungeon Overview and Level Annotations

Branches:
Dungeon (4/15)
 Temple: D:4-7

Altars:
Nemelex Xobeh
The Shining One

Annotations:
D:3 Pikel


Innate Abilities, Weirdness & Mutations

You are resistant to torment.
Your stone body is resilient. (AC +4)
You are immune to poison.
You resist negative energy. (rN+)
You are resistant to electric shocks. (rElec)
You can survive without breathing.
You are immune to petrification.
You are immune to rotting.


Message History

Your plate armour prevents you from hitting the slave.
The slave is heavily wounded.
You block the slave's attack. The slave hits you but does no damage.
You hit the slave.
The slave is heavily wounded.
The slave hits you. You block the slave's attack.
You barely miss Pikel. You block the slave's attack. x2
Your plate armour prevents you from hitting Pikel.
The slave barely misses you. Pikel hits you but does no damage.
The slave barely misses you. You block the slave's attack.
Unknown command.
Pikel zaps a wand.
The bolt of acid hits you! The acid corrodes you!
You are splashed with acid!
The acid burns!
* * * LOW HITPOINT WARNING * * *
It is a wand of acid (5).
You block the slave's attack. The slave hits you but does no damage.
You climb upwards.
There is a stone staircase leading down here.
You closely miss Pikel.
Pikel zaps a wand.
The bolt of acid hits you!
You die...

#........#.#.#
#....#.....
#........#.#.#
#....#..###
#........+...# #....#..#
#####........##..#
######..#
......###.#####..# #..#
####### #.# #..# #..#
......# #.# #..# #..#
......# #.#
##K###########..#
......#
#.######@p..........).#
......#
#......p.############.#
......##################
#[#
.........#.............#
#.#
.......#.#.###########.#
#.# .......#...# #.# #.#
.......##### #.# #.#
.......# #.# #.#
######.# #.######)#


You could see Pikel and 2 slaves.

Vanquished Creatures
  3 gnolls (D:3)
  7 adders
  2 oozes
  3 worms
  4 dart slugs
  A leopard gecko (D:2)
  An orc (D:3)
  6 bats
  2 giant cockroaches
  5 goblins
  7 hobgoblins
  4 jackals
  3 frilled lizards
  11 kobolds
  7 rats
66 creatures vanquished.

Notes
Turn   | Place    | Note
-------+----------+-------------------------------------------
     0 | D:1      | wojtek the Gargoyle Fighter began the quest for the Orb.
     0 | D:1      | Reached XP level 1. HP: 14/14 MP: 1/1
   194 | D:1      | Reached XP level 2. HP: 19/19 MP: 2/2
   326 | D:1      | Reached skill level 3 in Maces & Flails
   890 | D:2      | Reached XP level 3. HP: 22/23 MP: 3/3
   944 | D:2      | Reached skill level 4 in Maces & Flails
  1015 | D:2      | Found a sparkling altar of Nemelex Xobeh.
  1061 | D:2      | Found a glowing golden altar of the Shining One.
  1090 | D:2      | Reached XP level 4. HP: 28/28 MP: 4/4
  1590 | D:3      | Reached skill level 5 in Maces & Flails
  1590 | D:3      | Reached XP level 5. HP: 17/32 MP: 5/5
  2604 | D:4      | Noticed a slave
  2604 | D:4      | Noticed a slave
  2604 | D:4      | Noticed a slave
  2604 | D:4      | Noticed a slave
  2607 | D:4      | Noticed Pikel
  2618 | D:3      | Killed from afar by Pikel

Skill      XL: |  1  2  3  4 |
---------------+-------------+-----
Maces & Flails | 3 4 5 |  5.6
Fighting       | |  3.2
Armour         | |  3.2
Shields        | |  3.2

Action                   |  1- 3 |  4- 6 || total
-------------------------+-------+-------++-------
Melee: Flail             |   113 |   162 ||   275
  Eat: Chunk             |     1 |     5 ||     6
Armor: Scale mail        |    57 |    64 ||   121
       Plate armour      |       |    11 ||    11
Dodge: Dodged            |    42 |    34 ||    76
Block: Shield            |    58 |   124 ||   182
